 Dungeon Crawl Stone Soup version 0.22-a0-38-gc6ec8ce517 (webtiles) character file.

91 Manul the Ducker (level 4, -16/23 HPs)
             Began as a Spriggan Abyssal Knight on Jan 4, 2018.
             Was a Follower of Lugonu.
             Killed from afar by a red draconian scorcher (39 damage)
             ... with a fireball
             ... on level 1 of the Abyss.
             The game lasted 00:00:50 (121 turns).

Manul the Ducker (Spriggan Abyssal Knight)           Turns: 121, Time: 00:00:51

Health: -16/23     AC:  2    Str:  8    XL:     4   Next: 34%
Magic:  3/6        EV: 21    Int: 13    God:    Lugonu [*.....]
Gold:   0          SH:  0    Dex: 16    Spells: 3/3 levels left

rFire    . . .     SeeInvis +   a - +1 short sword
rCold    . . .     Gourm    .   (shield restricted)
rNeg     . . .     Faith    .   b - +0 robe
rPois    .         Spirit   .   (helmet restricted)
rElec    .         Reflect  .   (no cloak)
rCorr    .         Harm     .   (gloves unavailable)
MR       .....                  (boots unavailable)
Stlth    +++.......             (no amulet)
HPRegen  0.07/turn              (no ring)
MPRegen  0.10/turn              (no ring)

@: very quick
A: very small, unfitting armour, see invisible, herbivore, speed 3, slow
metabolism 2
a: Depart the Abyss, Renounce Religion


You were on level 1 of the Abyss.
You worshipped Lugonu.
Lugonu was aware of your devotion.
You were not hungry.

You visited 0 branches of the dungeon, and saw 0 of its levels.
You visited the Abyss 1 time.

Inventory:

Hand Weapons
 a - a +1 short sword (weapon)
Armour
 b - a +0 robe (worn)
Scrolls
 d - a scroll of identify {unknown}
Comestibles
 c - a ration


   Skills:
 - Level 2.4 Fighting
 - Level 2.1 Short Blades
 + Level 5.4 Dodging
 * Level 4.6 Stealth
 - Level 1.7 Invocations


You had 3 spell levels left.
You didn't know any spells.

Dungeon Overview and Level Annotations

Branches:
Dungeon (0/15)

Altars:


Innate Abilities, Weirdness & Mutations

You are very small and have problems with some larger weapons.
You are too small for most types of armour.
You have supernaturally acute eyesight. (SInv)
You are a herbivore.
You cover ground extremely quickly.
You need consume almost no food.


Message History

You have reached level 3!
Your experience leads to an increase in your attributes!
Increase (S)trength, (I)ntelligence, or (D)exterity?
You feel agile.
You have reached level 4!
The substance of the Abyss twists violently, and a gateway leading out appears!
Found a corrupted altar of Lugonu.
A small abomination comes into view.
Found a scroll labeled POWIPS ROSK.
Found 16 arrows.
A thrashing horror comes into view.
You see here a scroll labeled POWIPS ROSK.
d - a scroll labeled POWIPS ROSK A red draconian scorcher comes into view.
It is wielding a short sword.
A wight comes into view. It is wielding a scimitar.
The red draconian scorcher roars!
The red draconian scorcher gestures at you while chanting.
The fireball explodes!
The fireball engulfs you!
Ouch! That really hurt!
You die...

....#.# ..
###....#.#.....
#....#q...# # . #
#..#.#.###.# #. ..
. ##.#q#.# ..#.. #
.. # #.#.####....
#.. . .#..§..#.####
.#..#
.##..###....#. ..
.. .. #@....X...#
....#
###...##.##.###...#
#..#..#.. # .#.##
.##§...##.#.#...#..
.. .#...#
.#.......# . #
.##.....#..#..##
#.. ...#X.##.....
#.# .. ##.#...#.
###.. .#. .#(.


You could see a red draconian scorcher and a large abomination.

Vanquished Creatures
  An eye of draining (Abyss:1)
1 creature vanquished.

Notes
Turn   | Place    | Note
-------+----------+-------------------------------------------
     0 | Abyss:1  | Manul the Spriggan Abyssal Knight began the quest for the Orb.
     0 | Abyss:1  | Reached XP level 1. HP: 11/11 MP: 3/3
    31 | Abyss:1  | Noticed an eye of draining
    38 | Abyss:1  | Noticed a fire giant zombie
    64 | Abyss:1  | Killed an eye of draining
    64 | Abyss:1  | Reached skill level 5 in Dodging
    64 | Abyss:1  | Reached XP level 2. HP: 16/16 MP: 0/4
    64 | Abyss:1  | Reached XP level 3. HP: 19/19 MP: 0/5
    64 | Abyss:1  | Reached XP level 4. HP: 23/23 MP: 0/6
    66 | Abyss:1  | Found a corrupted altar of Lugonu.
    90 | Abyss:1  | Noticed a large abomination
    98 | Abyss:1  | Noticed a thrashing horror
   115 | Abyss:1  | Noticed a red draconian scorcher
   121 | Abyss:1  | Killed from afar by a red draconian scorcher

Vault maps used:

Skill      XL: |  1 |
---------------+----+-----
Dodging        | 5 |  5.4
Stealth        | 4 |  4.6
Fighting       | |  2.4
Short Blades   | |  2.1
Invocations    | |  1.7

Action                   |  1- 3 |  4- 6 || total
-------------------------+-------+-------++-------
Melee: Short sword       |    28 |       ||    28

Table legend:
 A = Spawn XP
 B = Non-spawn XP
 C = Spawn XP percentage of total XP
 D = Spawn monster count
 E = Non-spawn monster count
 F = Spawn count percentage of total count
 G = Total turns spent on level
                    A         B        C        D         E        F      G
               +---------+---------+-------+---------+---------+-------+---------
         Total |       0 |     131 |   0.0 |       0 |       1 |   0.0 |   121
               +---------+---------+-------+---------+---------+-------+---------
       Abyss:1 |       0 |     131 |   0.0 |       0 |       1 |   0.0 |   121
               +---------+---------+-------+---------+---------+-------+---------
